 Dungeon Crawl Stone Soup version 0.31-a0-765-g67fe2935dc (webtiles) character file.

Game seed: 8488524688099677349

38412 quakins the Mimic (level 13, -4/159 HPs)
             Began as a Troll Shapeshifter on Sept 15, 2023.
             Was the Champion of Okawaru.
             Slain by a cane toad (7 damage)
             ... while petrified by a basilisk
             ... on level 5 of the Lair of Beasts.
             The game lasted 00:33:53 (15510 turns).

quakins the Mimic (Troll Shapeshifter)             Turns: 15510, Time: 00:33:53

Health: -4/159     AC: 11    Str: 34    XL:     13   Next: 63%
Magic:  12/12      EV:  1    Int:  6    God:    Okawaru [******]
Gold:   1008       SH:  0    Dex:  9    Spells: 12/12 levels left

rFire   . .          .
                       - Unarmed
rCold   . . .        (shield currently unavailable)
rNeg    + + +        P - melded +1 robe of Okawaru's Pride {rCorr Str+3 Dex+3}
rPois   ∞            a - melded +0 hat {Will+}
rElec   .            N - melded +0 cloak of Boredom {rC- Slay+5 SInv Stlth-}
rCorr   .            (gloves unavailable)
SInv    .            (boots unavailable)
Will    .....        H - amulet of faith
Stlth   +            G - ring of wizardry
HPRegen 1.26/turn    J - ring of positive energy
MPRegen 0.13/turn

%: faith, wizardry (x1)
@: lethally poisoned (-4 -> -4), snake-form, petrified
A: constrict, boosted hp, large, unfitting armour, (claws 3), regeneration 1,
(shaggy fur 1), (tough skin 1)
a: Begin Untransformation, Renounce Religion, Heroism, Finesse, Duel


You were on level 5 of the Lair of Beasts.
You worshipped Okawaru.
Okawaru was exalted by your worship.
You were an enormous anaconda.
You visited 3 branches of the dungeon, and saw 17 of its levels.
You also visited: Ossuary and Bailey.

You collected 1008 gold pieces.

Inventory:

Armour
 a - a +0 hat of willpower (melded)
 N - the +0 cloak of Boredom (melded) {rC- Slay+5 SInv Stlth-}
   (Okawaru gifted it to you on level 1 of the Lair of Beasts)

   Slay+5:    It affects your accuracy & damage with ranged weapons and melee
   (+5).
   rC-:       It makes you vulnerable to cold.
   SInv:      It lets you see invisible.
   Stlth-:    It makes you less stealthy.
 P - the +1 robe of Okawaru's Pride (melded) {rCorr Str+3 Dex+3}
   (Okawaru gifted it to you on level 2 of the Lair of Beasts)

   Str+3:     It affects your strength (+3).
   Dex+3:     It affects your dexterity (+3).
   rCorr:     It protects you from acid and corrosion.
Jewellery
 G - a ring of wizardry (left hand)
 H - an amulet of faith (around neck)
 J - a ring of positive energy (right hand)
 V - an amulet of magic regeneration
Talismans
 c - a beast talisman
 d - a flux talisman
 A - a serpent talisman (active)
 K - a talisman of death
Wands
 C - a wand of polymorph (7)
 D - a wand of quicksilver (19)
 E - a wand of iceblast (16)
 U - a wand of digging (4)
 X - a wand of flame (9)
Scrolls
 b - 9 scrolls of identify
 e - 2 scrolls of vulnerability {unknown}
 g - 5 scrolls of noise {unknown}
 h - 2 scrolls of immolation {unknown}
 i - 6 scrolls of teleportation
 l - 4 scrolls of fog
 s - 3 scrolls of fear {unknown}
 t - a scroll of poison
 u - 3 scrolls of amnesia
 v - 8 scrolls of enchant armour
 w - 3 scrolls of revelation
 x - 4 scrolls of torment
 y - 2 scrolls of blinking {unknown}
 R - a scroll of acquirement {unknown}
 S - 3 scrolls of butterflies {unknown}
Potions
 f - 4 potions of enlightenment
 j - 2 potions of invisibility
 k - 11 potions of curing
 m - 10 potions of degeneration
 p - 2 potions of haste
 q - 4 potions of berserk rage
 r - a potion of mutation
 z - a potion of ambrosia {unknown}
 I - a potion of might {unknown}
 L - a potion of brilliance {unknown}
 M - 2 potions of magic {unknown}
 Q - 2 potions of cancellation {unknown}
 T - a potion of attraction {unknown}
 W - a potion of lignification


   Skills:
 - Level 10.0 Fighting
 + Level 3.5 Dodging
 - Level 14.0 Unarmed Combat
 + Level 14.3 Shapeshifting


You had 12 spell levels left.
You didn't know any spells.
Your spell library contained the following spells:

 Spells                   Type           Power      Damage    Failure   Level
 Apportation              Tloc           0%         N/A       21%         1
 Necrotise                Necr           0%         1d4       21%         1
 Sandblast                Erth           0%         2d4       21%         1
 Ensorcelled Hibernation  Hex/Ice        0%         N/A       28%         2
 Passwall                 Tmut/Erth      0%         N/A       28%         2
 Ozocubu's Armour         Ice            0%         N/A       50%         3
 Stone Arrow              Conj/Erth      0%         3d7       50%         3
 Swiftness                Air            0%         N/A       50%         3
 Cause Fear               Hex            0%         N/A       86%         4
 Dimensional Bullseye     Hex/Tloc       0%         N/A       86%         4
 Iskenderun's Mystic Bla  Conj/Tloc      0%         2d3       86%         4
 Fireball                 Conj/Fire      0%         3d3       99%         5
 Metabolic Englaciation   Hex/Ice        0%         N/A       99%         5
 Lehudib's Crystal Spear  Conj/Erth      0%         10d2      100%        8
 Summon Small Mammal      Summ           Unusable   N/A       N/A         1
 Tukima's Dance           Hex            Unusable   N/A       N/A         3
 Animate Armour           Summ/Erth      Unusable   N/A       N/A         4
 Simulacrum               Ice/Necr       Unusable   N/A       N/A         6
 Dragon's Call            Summ           Unusable   N/A       N/A         9

Dungeon Overview and Level Annotations

Branches:
Dungeon (11/15)            Temple (1/1) D:5            Lair (5/5) D:9
 Shoals (0/4) Lair:2       Spider (0/4) Lair:2        Slime (0/5) Lair:4
    Orc (0/2) D:9         Ossuary (visited)          Bailey (visited)

Altars:
Ashenzari
Cheibriados
Dithmenos
Elyvilon
Fedhas
Gozag
Hepliaklqana
Kikubaaqudgha
Makhleb
Nemelex Xobeh
Okawaru
Qazlal
Ru
Sif Muna
Trog
Uskayaw
Vehumet
Wu Jian
Xom
Yredelemnul
Zin
The Shining One
Jiyva

Shops:
D:1 [   D:5 *   D:8 [

Annotations:
D:3 exclusion: oklob plant
D:9 1 runed translucent door, olddryhag's ghost, novice DsGl
Lair:2 2 transporters, Ozocioga's ghost, journeyman TeAE


Innate Abilities, Weirdness & Mutations

You are an enormous anaconda.
You have a powerful constriction melee attack.
Your maximum health is increased.
You are immune to poison.
Your armour is entirely melded.
You are incapable of wielding weapons or throwing items.
You are too large for most types of armour.
((You have claws for hands.))
Your natural rate of healing is unusually fast.
((You are covered in fur. (AC +1)))
((You have tough skin. (AC +1)))


Message History

The cane toad stings you!!
* * * LOW HITPOINT WARNING * * *
The basilisk hisses menacingly.
The cane toad barely misses you. The cane toad stings you.
* * * LOW HITPOINT WARNING * * *
The basilisk gazes at you.
You easily resist.
The cane toad stings you!
* * * LOW HITPOINT WARNING * * *
A yak comes into view.
The cane toad stings you. x2
* * * LOW HITPOINT WARNING * * *
The basilisk gazes at you. The cane toad stings you.
* * * LOW HITPOINT WARNING * * *
The cane toad stings you!
* * * LOW HITPOINT WARNING * * *
The basilisk gazes at you.
You easily resist.
The cane toad stings you!
* * * LOW HITPOINT WARNING * * *
The cane toad stings you but does no damage.
The cane toad stings you!
* * * LOW HITPOINT WARNING * * *
The cane toad stings you.
* * * LOW HITPOINT WARNING * * *
The cane toad stings you!!
* * * LOW HITPOINT WARNING * * *
The basilisk gazes at you.
You easily resist.
A yak comes into view.
The yak gores you.
The cane toad stings you but does no damage. x2
The cane toad stings you!
* * * LOW HITPOINT WARNING * * *
A yak comes into view.
The yak gores you.
* * * LOW HITPOINT WARNING * * *
The cane toad stings you!
You die...

.Y.....
....Y....#
.........##
P.........#
P.........
.......Y.###
........Y#.#
........FS#
........lF#
..........#
...........#
.........###
..........
....#.....#
..........#
.........##


You could see 4 yaks, 2 cane toads and a basilisk.

Vanquished Creatures
  Gastronok (D:8)
  A fire giant (D:10)
  The ghost of kiwi3s the Severer, a journeyman MiBe of Trog (Lair:3)
  Snorg (D:10)
  Josephine (D:10)
  A hydra (Lair:4)
  6 death yaks
  A boulder beetle (Lair:3)
  A demonic crawler (Lair:2)
  A lindwurm (Lair:3)
  A deep elf pyromancer (Bailey)
  An orc knight (Bailey)
  3 black mambas
  A rime drake (Lair:4)
  9 cane toads
  6 komodo dragons
  2 hornets
  3 polar bears
  2 trolls
  24 blink frogs
  5 wraiths
  A shadow (D:10)
  Sigmund (D:6)
  3 wyverns
  36 yaks
  3 basilisks (Lair:2)
  3 redbacks (Lair:2)
  3 steam dragons
  3 swamp worms (Lair:1)
  An acid dragon (D:9)
  9 water moccasins
  2 black bears
  3 sky beasts
  7 orc warriors
  27 wolves
  6 centaurs
  2 ogres (D:5)
  A phantom (D:5)
  2 kobold brigands
  3 gnoll sergeants
  5 bullfrogs
  2 scorpions
  3 wights (D:9)
  18 killer bees
  5 electric eels
  3 howler monkeys (D:8)
  3 hounds
  2 jellies
  A human zombie (Ossuary)
  9 orc priests
  3 sleepcaps
  Jessica (D:3)
  4 iguanas
  12 orc wizards
  5 hell rats (Lair:2)
  3 mummies (Ossuary)
  Robin (D:2)
  16 gnolls
  13 adders
  A white imp (D:6)
  An ufetubus (D:6)
  A worm (D:2)
  2 dart slugs (D:2)
  59 orcs
  8 ball pythons
  5 bats
  4 endoplasms
  3 giant cockroaches
  A gnoll zombie (Ossuary)
  11 goblins
  7 hobgoblins
  3 quokkas
  2 frilled lizards
  3 goblin zombies (Ossuary)
  A hobgoblin zombie (Ossuary)
  15 kobolds
  2 kobold zombies (Ossuary)
  4 rats
430 creatures vanquished.

Vanquished Creatures (others)
  2 orcs
2 creatures vanquished.

Grand Total: 432 creatures vanquished

Notes
Turn   | Place    | Note
-------+----------+-------------------------------------------
     0 | D:1      | quakins the Troll Shapeshifter began the quest for the Orb.
     0 | D:1      | Reached XP level 1. HP: 18/18 MP: 0/0
   161 | D:1      | Reached XP level 2. HP: 23/26 MP: 1/1
   164 | D:1      | Found Ofuvuv's Antique Armour Boutique.
   680 | D:2      | Reached XP level 3. HP: 32/32 MP: 2/2
   735 | D:2      | Noticed a scorpion
   750 | D:2      | Killed a scorpion
   751 | D:2      | Reached skill level 5 in Unarmed Combat
   751 | D:2      | Reached XP level 4. HP: 33/40 MP: 3/3
   830 | D:2      | Reached XP level 5. HP: 46/46 MP: 4/4
   886 | D:2      | Noticed Robin
   909 | D:2      | Killed Robin
  1457 | D:3      | Found a white marble altar of Elyvilon.
  1457 | D:3      | Noticed Jessica
  1471 | D:3      | Reached XP level 6. HP: 13/54 MP: 5/5
  1479 | D:3      | Killed Jessica
  1541 | D:3      | Found a blossoming altar of Fedhas.
  1553 | D:3      | Noticed an oklob plant
  2144 | D:4      | Found a sand-covered staircase.
  2150 | Ossuary  | Entered an ossuary
  2150 | Ossuary  | Noticed a wraith
  2150 | Ossuary  | Noticed a wraith
  2150 | Ossuary  | Noticed a wraith
  2404 | Ossuary  | Reached skill level 5 in Shapeshifting
  2497 | Ossuary  | Noticed a wraith
  2513 | Ossuary  | Killed a wraith
  2514 | Ossuary  | Reached XP level 7. HP: 26/61 MP: 6/6
  2826 | D:4      | Found a sacrificial altar of Ru.
  3248 | D:5      | Entered Level 5 of the Dungeon
  3325 | D:5      | Found an iron altar of Okawaru.
  3341 | D:5      | Became a worshipper of Warmaster Okawaru
  3364 | D:5      | Reached skill level 1 in Fighting
  3501 | D:5      | Found a glowing golden altar of the Shining One.
  3517 | D:5      | Found Saojeugi's General Store.
  3582 | D:5      | Found a staircase to the Ecumenical Temple.
  3592 | Temple   | Entered the Ecumenical Temple
  3622 | D:5      | Reached * piety under Okawaru
  3623 | D:5      | Reached XP level 8. HP: 43/72 MP: 7/7
  3847 | D:5      | Found an ornate altar of the Wu Jian Council.
  4260 | D:6      | You fall into a shaft and drop 2 floors!
  4353 | D:8      | Found Orin's Antique Armour Shop.
  4637 | D:8      | Reached XP level 9. HP: 83/84 MP: 8/8
  4813 | D:7      | Reached ** piety under Okawaru
  5054 | D:6      | Reached skill level 10 in Unarmed Combat
  5212 | D:6      | Noticed Sigmund
  5219 | D:6      | Killed Sigmund
  5539 | D:7      | Reached skill level 5 in Fighting
  5744 | D:7      | Found a bloodstained altar of Trog.
  5854 | D:8      | Noticed Gastronok
  5874 | D:8      | Killed Gastronok
  5874 | D:8      | Reached *** piety under Okawaru
  5875 | D:8      | Reached XP level 10. HP: 56/98 MP: 9/9
  6748 | D:9      | Reached skill level 10 in Shapeshifting
  6757 | D:9      | Reached **** piety under Okawaru
  7426 | D:9      | Found a runed translucent door.
  7497 | D:9      | Found a shimmering altar of Xom.
  7497 | D:9      | Noticed olddryhag's ghost (novice DsGl)
  7497 | D:9      | Noticed a +0 flail of chaos
  7681 | D:9      | Reached ***** piety under Okawaru
  7959 | D:9      | Found a staircase to the Lair.
  7969 | D:9      | Reached XP level 11. HP: 56/107 MP: 10/10
  8043 | D:9      | Found a staircase to the Orcish Mines.
  8208 | D:9      | Paralysed by a hornet for 1 turns
  8427 | D:10     | Entered Level 10 of the Dungeon
  8503 | D:10     | Found a flagged portal.
  8529 | Bailey   | Entered a bailey
  8669 | Bailey   | Noticed an orc knight
  8760 | Bailey   | Killed an orc knight
  8780 | Bailey   | Found a large runed translucent door.
  8780 | Bailey   | Found a large runed translucent door.
  8781 | Bailey   | Noticed a deep elf pyromancer
  8917 | Bailey   | Killed a deep elf pyromancer
  8917 | Bailey   | Identified the +8 orcbow of Amortisation {heavy, rC+ Dex+3}
                  | (Okawaru gifted it to you in a bailey)
  8917 | Bailey   | Received a gift from Okawaru
  8929 | Bailey   | Identified the +1 leather armour "Paja" {*Slow rF+ rN+}
  9135 | D:10     | Noticed Josephine
  9146 | D:10     | Killed Josephine
  9466 | D:10     | Noticed Snorg
  9481 | D:10     | Killed Snorg
  9559 | D:10     | Noticed a fire giant
  9853 | D:10     | Found a snail-covered altar of Cheibriados.
 10295 | D:10     | Killed a fire giant
 10744 | Lair:1   | Entered Level 1 of the Lair of Beasts
 11101 | Lair:1   | Identified the +0 cloak of Boredom {rC- Slay+5 SInv Stlth-}
                  | (Okawaru gifted it to you on level 1 of the Lair of Beasts)
 11101 | Lair:1   | Received a gift from Okawaru
 11114 | Lair:1   | Reached XP level 12. HP: 119/119 MP: 11/11
 11169 | Lair:1   | You fall into a shaft and drop 1 floor!
 11191 | Lair:1   | Noticed a demonic crawler
 11225 | Lair:2   | Killed a demonic crawler
 11982 | Lair:2   | Identified the +1 robe of Okawaru's Pride {rCorr Str+3
                  | Dex+3} (Okawaru gifted it to you on level 2 of the Lair of
                  | Beasts)
 11982 | Lair:2   | Received a gift from Okawaru
 12076 | Lair:2   | Found a hole to the Spider Nest.
 12602 | Lair:2   | Found a transporter.
 12610 | Lair:2   | Found a transporter.
 12614 | Lair:2   | Noticed Ozocioga's ghost (journeyman TeAE)
 12614 | Lair:2   | Noticed a four-headed hydra
 12633 | Lair:2   | Found a staircase to the Shoals.
 13316 | Lair:3   | Reached XP level 13. HP: 132/132 MP: 12/12
 13320 | Lair:3   | Reached ****** piety under Okawaru
 13466 | Lair:3   | Found a runed translucent gate.
 13470 | Lair:3   | Found a runed translucent gate.
 13473 | Lair:3   | Found a runed translucent gate.
 13473 | Lair:3   | Noticed kiwi3s's ghost (journeyman MiBe)
 13504 | Lair:3   | Received a gift from Okawaru
 13504 | Lair:3   | Found the +3 robe of Clouds {*Thunder rCloud rElec}
 14007 | Lair:3   | Killed kiwi3s's ghost
 14107 | Lair:3   | Reached skill level 10 in Fighting
 14221 | Lair:3   | HP: 2/159 [death yak (13)]
 15188 | Lair:4   | Found a viscous altar of Jiyva.
 15192 | Lair:4   | Found a staircase to the Slime Pits.
 15306 | Lair:5   | Entered Level 5 of the Lair of Beasts
 15508 | Lair:5   | HP: 5/159 [cane toad (9)]
 15510 | Lair:5   | Slain by a cane toad

Illustrated notes

Levels and vault maps discovered:
D:1:      psy_arrival_dodecagon, layout_loops_cross, serial_shops, shop,
          minmay_ruptured
D:2:      layout_loops_ring, minmay_misc_feat_tower, uniq_robin
D:3:      layout_basic, tgw_fedhas, mainiacjoe_overflow_alcove_1, uniq_jessica
D:4:      layout_basic, mainiacjoe_overflow_concentric_impassable,
          nicolae_ossuary_entry_plus, kennysheep_orc_chapel
D:5:      layout_gridville, mainiacjoe_overflow_chevrons,
          mainiacjoe_overflow_boulevard, nzn_wu_jian_council_hall,
          minmay_temple_entry_drinking_statues, serial_shops, shop
D:6:      layout_loops_ring, uniq_sigmund
D:7:      layout_rooms, trog_book, nicolae_concentric_dashed_squares_wild,
          minmay_holes
D:8:      layout_cave_pods, nicolae_inconvenience_store, uniq_gastronok
D:9:      layout_basic, erik_lair_island, hiddenorc2_lemuel, ebering_ghost_xom,
          kennysheep_generic_room_8
D:10:     layout_gridville, nicolae_overflow_hidden_temple, enter_bailey_7,
          hangedman_glass_teeth, kennysheep_island_fort, uniq_snorg,
          uniq_josephine
D:11:     layout_grid_maze, serial_nicolae_subway, nicolae_sub_station_crystal,
          nicolae_sub_station_stone, nicolae_sub_station_metal
Temple:   nicolae_temple_bog_church
Lair:1:   layout_roguey, worms_lemuel, infiniplex_staircase_pool_2
Lair:2:   layout_loops_ring, minmay_shoals_entry_centaurs, spider_nest_entry_a,
          gammafunk_ghost_berserking_beasts, cheibrodos_lair_lostbears
Lair:3:   layout_regular_city, ebering_ghost_rock_garden
Lair:4:   layout_long_grid, dpeg_slime_entry_corner, serial_bayou_shore_a
Lair:5:   due_jungle_book, layout_long_grid, chequers_serial_rivers_micro_c,
          uniq_sonja

Skill      XL: |  1  2  3  4  5  6  7  8  9 10 11 12 13 |
---------------+----------------------------------------+-----
Unarmed Combat | 4 5 6 8 10 12 13 14 | 14.0
Shapeshifting  | 4 5 7 8 10 12 13 14 | 14.3
Fighting       | 2 4 6 8 9 10 | 10.0
Dodging        | 3 |  3.5

Action                     |  1- 3 |  4- 6 |  7- 9 | 10-12 | 13-15 || total
---------------------------+-------+-------+-------+-------+-------++-------
  Melee: Unarmed           |    59 |   140 |   250 |   663 |   172 ||  1284
         Punch             |     1 |     4 |    11 |     4 |       ||    20
         Constrict         |       |       |       |    60 |    31 ||    91
 Invoke: Heroism           |       |       |     1 |     4 |       ||     5
  Evoke: Wand              |       |       |       |     1 |       ||     1
    Use: Potion            |       |     1 |       |     4 |     4 ||     9
         Scroll            |       |       |    10 |     6 |     1 ||    17
 Armour: Animal skin       |    43 |    85 |   164 |       |       ||   292
         Skin              |       |    13 |       |   269 |   260 ||   542
         Steam dragon scal |       |       |    31 |   376 |       ||   407
  Dodge: Dodged            |    22 |    50 |   113 |   282 |   110 ||   577
   Form: Flux              |       |       |       |     1 |       ||     1
         Anaconda          |       |       |       |     1 |     1 ||     2
                           |       |       |       |       |     1 ||     1

Table legend: (Time is in decaauts)
 A = Elapsed time spent in this place.
 B = Non-inter-level travel time spent in this place.
 C = Inter-level travel time spent in this place.
 D = Time resting spent in this place.
 E = Time spent auto-exploring this place.
 F = Levels seen in this place.
 G = Mean time per level.
                   A        B        C        D        E       F      G
               +--------+--------+--------+--------+--------+-----+--------+
         Total |  15341 |  14613 |    728 |   2151 |   9048 |  19 |  807.4 |
       Dungeon |   9769 |   9160 |    609 |   1474 |   5678 |  11 |  888.1 |
        Temple |      1 |      1 |      0 |      0 |      0 |   1 |    1.0 |
          Lair |   4665 |   4546 |    119 |    483 |   3056 |   5 |  933.0 |
       Ossuary |    424 |    424 |      0 |      0 |    252 |   1 |  424.0 |
        Bailey |    479 |    479 |      0 |    194 |     61 |   1 |  479.0 |
               +--------+--------+--------+--------+--------+-----+--------+

Top non-repeatable levels by time:
    D:10: 1725 daAuts
     D:9: 1717 daAuts
     D:8: 1438 daAuts
  Lair:2: 1328 daAuts
  Lair:3: 1279 daAuts
  Lair:4: 1037 daAuts
  Lair:1: 928 daAuts
     D:4: 781 daAuts
     D:3: 756 daAuts
     D:6: 753 daAuts
     D:5: 735 daAuts
     D:2: 674 daAuts
     D:1: 604 daAuts
     D:7: 582 daAuts
  Bailey: 479 daAuts
